 Dungeon Crawl Stone Soup version 0.27.1-3-gb3d3a73c9e (webtiles) character file.

Game seed: 16279499122021742743

95 CuBeRJAN3 the Firebug (level 4, -8/26 HPs)
             Began as a Gargoyle Fire Elementalist on Oct 8, 2021.
             Killed by divine providence
             ... invoked by an orc priest
              (11 damage)
             ... on level 3 of the Dungeon.
             The game lasted 00:06:32 (2231 turns).

CuBeRJAN3 the Firebug (Gargoyle Fire Elementalist)  Turns: 2231, Time: 00:06:33

Health: -8/26      AC:  8    Str: 13    XL:     4   Next: 66%
Magic:  8/8        EV: 11    Int: 15    God:
Gold:   66         SH:  0    Dex: 10    Spells: 7/8 levels left

rFire    . . .     SeeInvis .   d - +5 short sword
rCold    . . .     Faith    .   (no shield)
rNeg     + . .     Spirit   .   a - +0 robe
rPois    ∞         Reflect  .   (no helmet)
rElec    +         Harm     .   f - +2 cloak
rCorr    .         Rampage  .   (no gloves)
Will     .....                  (no boots)
Stlth    ++........             (no amulet)
HPRegen  0.08/turn              (no ring)
MPRegen  0.11/turn              (no ring)

@: no status effects
A: sickness immunity, AC +3, negative energy resistance 1, electricity
resistance, torment resistance 1, petrification resistance
a: no special abilities


You were on level 3 of the Dungeon.
You visited 1 branch of the dungeon, and saw 3 of its levels.

You collected 66 gold pieces.

Inventory:

Hand Weapons
 d - a +5 short sword (weapon)
Armour
 a - a +0 robe (worn)
 f - a +2 cloak (worn)
Wands
 i - a wand of flame (9)
Scrolls
 c - 2 scrolls of identify {unknown}
 g - a scroll of enchant weapon {unknown}
 h - 2 scrolls of teleportation {unknown}
Potions
 b - a potion of curing {unknown}
 e - 2 potions of mutation {unknown}
 j - a potion of ambrosia {unknown}
 k - a potion of brilliance {unknown}
 l - 2 potions of heal wounds {unknown}


   Skills:
 * Level 2.1 Fighting
 * Level 1.2 Short Blades
 - Level 1.5 Dodging
 - Level 2.3 Stealth
 * Level 2.9 Spellcasting
 + Level 1.7 Conjurations
 + Level 3.3 Fire Magic


You had 7 spell levels left.
You knew the following spells:

 Your Spells              Type           Power      Damage    Failure   Level
a - Foxfire               Conj/Fire      36%        2x1d5     7%          1

Your spell library contained the following spells:

 Spells                   Type           Power      Damage    Failure   Level
 Conjure Flame            Conj/Fire      9%         6-21      22%         3
 Inner Flame              Hex/Fire       7%         N/A       30%         3
 Sticky Flame             Conj/Fire      9%         2d3       56%         4
 Fireball                 Conj/Fire      4%         3d4       89%         5


Dungeon Overview and Level Annotations

Branches:
Dungeon (3/15)

Altars:
Kikubaaqudgha


Innate Abilities, Weirdness & Mutations

You are immune to sickness and miasma.
Your stone body is resilient. (AC +3)
You are immune to poison.
You resist negative energy. (rN+)
You are resistant to electric shocks. (rElec)
You are resistant to unholy torment.
You are immune to petrification.


Message History

The orc priest begins to cast a cantrip, but forgets the words!
The orc misses you.
You hit the orc.
The orc is almost dead.
The orc hits you with a +0 war axe.
You closely miss the orc.
The orc is almost dead.
The orc hits you but does no damage.
You hit the orc.
You kill the orc!
The orc priest miscasts a cantrip.
An orc priest comes into view.
It is wielding a +0 flail of holy wrath.
The orc priest shouts!
The orc priest closely misses you.
You see here a +0 war axe.
You hit the orc priest but do no damage.
The orc priest is lightly wounded.
The orc priest barely misses you.
You hit the orc priest.
The orc priest is moderately wounded.
The orc priest invokes the aid of Beogh against you.
You barely resist.
The orc priest calls upon Beogh to heal the orc priest.
The orc priest's wounds heal themselves!
You barely miss the orc priest.
The orc priest begins to cast a cantrip, but forgets the words!
The orc priest hits you with a +0 flail of holy wrath.
You hit the orc priest but do no damage.
The orc priest hits you with a +0 hand axe.
The orc priest barely misses you.
You hit the orc priest but do no damage.
The orc priest hits you but does no damage.
The orc priest invokes the aid of Beogh against you.
Pain shoots through your body!
The orc priest invokes the aid of Beogh against you.
Beogh smites you!
* * * LOW HITPOINT WARNING * * *
The orc priest calls down the wrath of Beogh upon you.
Beogh smites you!
You die...

### #... ... ..
.## #..
.######.#######
..........@.o.#
.....#<#####o#
... ### #.# #
#o# #.# #.# #)#
#........
#########


You could see 2 orc priests.

Vanquished Creatures
  Jessica (D:2)
  3 gnolls (D:2)
  An orc (D:3)
  2 ball pythons
  2 bats
  2 endoplasms (D:1)
  4 giant cockroaches
  4 goblins
  3 hobgoblins
  4 jackals (D:2)
  A quokka (D:2)
  4 frilled lizards
  5 kobolds
36 creatures vanquished.

Vanquished Creatures (others)
  24 foxfires
24 creatures vanquished.

Grand Total: 60 creatures vanquished

Notes
Turn   | Place    | Note
-------+----------+-------------------------------------------
     0 | D:1      | CuBeRJAN3 the Gargoyle Fire Elementalist began the quest
                  | for the Orb.
     0 | D:1      | Reached XP level 1. HP: 10/10 MP: 3/3
   306 | D:1      | Reached XP level 2. HP: 16/16 MP: 1/5
   495 | D:1      | Found a faded altar of an unknown god.
   554 | D:1      | Reached skill level 1 in Fighting
  1066 | D:2      | Reached XP level 3. HP: 10/20 MP: 6/6
  1358 | D:2      | Found an ancient bone altar of Kikubaaqudgha.
  1682 | D:2      | Noticed Jessica
  1688 | D:2      | Killed Jessica
  1689 | D:2      | Reached XP level 4. HP: 24/26 MP: 6/8
  1955 | D:2      | Reached skill level 1 in Short Blades
  2231 | D:3      | Killed from afar by an orc priest

Illustrated notes

Levels and vault maps discovered:
D:1:      dpeg_cavernosity, layout_basic,
          shapermc_ecumenical_altar_totnotflames, minmay_fountain_box,
          patterned_corridor
D:2:      layout_loops_ring, basic_altar, uniq_jessica
D:3:      layout_basic, gammafunk_ghost_gnarly_gnolls, serial_shops, shop, shop,
          shop, hex_large

Skill      XL: |  1  2  3  4 |
---------------+-------------+-----
Fighting       | 1 2 |  2.1
Short Blades   | 1 |  1.2
Dodging        | |  1.5
Stealth        | |  2.3
Spellcasting   | |  2.9
Conjurations   | |  1.7
Fire Magic     | |  3.3

Action                   |  1- 3 |  4- 6 || total
-------------------------+-------+-------++-------
Melee: Unarmed           |    14 |       ||    14
       Short sword       |    54 |    20 ||    74
 Cast: Foxfire           |     8 |     7 ||    15
 Stab: Sleeping          |     4 |       ||     4
Armor: Robe              |    39 |     5 ||    44
Dodge: Dodged            |    53 |     9 ||    62
